IL
INDIANAPOLIS INDIANS @ NORFOLK TIDES
09/20/2024
 
TOP OF THE 1ST
Indianapolis Indians batting - Pitching for Norfolk Tides : LHP Alex Early
Pitching: LHP Alex Early
Batting: LHB Rodrigo Abril 0-0: Swinging Strike
0-1: Ground out 6-3 (Groundball, 6, EV 81.9 MPH)
Batting: LHB Leith Wentzell 0-0: Ball
1-0: Ball
2-0: SINGLE (Flyball, 78S, EV 101.9 MPH)
Batting: RHB Gee Scott Jr. 0-0: Swinging Strike
0-1: Called Strike
0-2: Ball
1-2: Ball
2-2: Fly out, F7 (Flyball, 7LSF, EV 83.8 MPH)
Batting: LHB David Moyne 0-0: Ball
1-0: Swinging Strike
1-1: Ball
2-1: Foul Ball, location: 2F
2-2: Strikes out swinging
Top of the 1st over - 0 runs, 1 hit, 0 errors, 1 left on base; Indianapolis 0 - Norfolk 0
BOTTOM OF THE 1ST
Norfolk Tides batting - Pitching for Indianapolis Indians : RHP Casey Mize
Pitching: RHP Casey Mize
Batting: RHB Grant Gunnell 0-0: Called Strike
0-1: Ball
1-1: Called Strike
1-2: Ground out 5-3 (Groundball, 56, EV 101.3 MPH)
Batting: SHB Bryan Leach 0-0: Ball
1-0: Fly out, F9 (Flyball, 9, EV 99.4 MPH)
Batting: RHB Marco Luciano 0-0: Foul Ball, location: 2LF
0-1: Ball
1-1: Ball
2-1: Foul Ball, location: 3FF
2-2: Foul Ball, location: 3FF
2-2: Strikes out swinging
Bottom of the 1st over - 0 runs, 0 hits, 0 errors, 0 left on base; Indianapolis 0 - Norfolk 0
TOP OF THE 2ND
Indianapolis Indians batting - Pitching for Norfolk Tides : LHP Alex Early
Batting: RHB Carter Kieboom 0-0: Ball
1-0: Foul Ball, location: 9LMF
1-1: Ball
2-1: Fly out, F8 (Line Drive, 78M, EV 109.4 MPH)
Batting: RHB Jon Wassink 0-0: Ball
1-0: Ground out U3 (Groundball, 34, EV 101.3 MPH)
Batting: LHB Will Robertson 0-0: Ball
1-0: Ball
2-0: Called Strike
2-1: Foul Ball, location: 25F
2-2: DOUBLE (Line Drive, 7LM, EV 110.6 MPH)
Batting: RHB Casey Martin 0-0: Swinging Strike
0-1: Called Strike
0-2: Fly out, F5 (Popup, 56S, EV 68.1 MPH)
Top of the 2nd over - 0 runs, 1 hit, 0 errors, 1 left on base; Indianapolis 0 - Norfolk 0
BOTTOM OF THE 2ND
Norfolk Tides batting - Pitching for Indianapolis Indians : RHP Casey Mize
Batting: LHB Hunter Bishop 0-0: Called Strike
0-1: Called Strike
0-2: Ball
1-2: Ball
2-2: Foul Ball, location: 25F
2-2: Foul Ball, location: 2F
2-2: Strikes out looking
Batting: RHB David Davies 0-0: Foul Ball, location: 3SF
0-1: Ball
1-1: Ball
2-1: Foul Ball, location: 9LSF
2-2: Foul Ball, location: 7LDF
2-2: Foul Ball, location: 5FF
2-2: Foul Ball, location: 5FF
2-2: Ball
3-2: Strikes out looking
Batting: LHB Kameron Misner 0-0: Ball
1-0: Called Strike
1-1: SINGLE (Line Drive, 9LS, EV 98.1 MPH)
Batting: SHB Zach Watson 0-0: Ball
1-0: Ball
2-0: Foul Ball, location: 7LDF
2-1: Ground out 4-3 (Groundball, 4, EV 83.1 MPH)
Bottom of the 2nd over - 0 runs, 1 hit, 0 errors, 1 left on base; Indianapolis 0 - Norfolk 0
TOP OF THE 3RD
Indianapolis Indians batting - Pitching for Norfolk Tides : LHP Alex Early
Batting: RHB Juan Aparicio 0-0: Ball
1-0: Foul Ball, location: 23F
1-1: Foul Ball, location: 3FF
1-2: Strikes out swinging
Batting: LHB Rodrigo Abril 0-0: Foul Ball, location: 3F
0-1: Ball
1-1: Called Strike
1-2: Ground out 5-3 (Groundball, 5, EV 76.3 MPH)
Batting: LHB Leith Wentzell 0-0: Ball
1-0: Ball
2-0: Ball
3-0: Called Strike
3-1: Called Strike
3-2: Ground out 6-3 (Groundball, 6, EV 78.1 MPH)
Top of the 3rd over - 0 runs, 0 hits, 0 errors, 0 left on base; Indianapolis 0 - Norfolk 0
BOTTOM OF THE 3RD
Norfolk Tides batting - Pitching for Indianapolis Indians : RHP Casey Mize
Batting: RHB Jeff Peterson 0-0: Swinging Strike
0-1: Ball
1-1: Foul Ball, location: 2F
1-2: Strikes out swinging
Batting: RHB Jaime Castillo 0-0: Swinging Strike
0-1: Ball
1-1: Swinging Strike
1-2: Fly out, F9 (Flyball, 9LMF, EV 106.9 MPH)
Batting: RHB Grant Gunnell 0-0: Ball
1-0: Ball
2-0: Ball
3-0: Called Strike
3-1: Foul Ball, location: 5F
3-2: Foul Ball, location: 2F
3-2: SINGLE (Line Drive, 4D, EV 98.1 MPH)
Batting: SHB Bryan Leach 0-0: Called Strike
0-1: Foul Ball, location: 5DF
0-2: Ball
1-2: SINGLE (Flyball, 89S, EV 91.9 MPH)
Grant Gunnell to second
Runner from 2nd tries for 3rd, SAFE, throw by RF made to third
Batting: RHB Marco Luciano 0-0: Hit by Pitch
Bryan Leach to second
Batting: LHB Hunter Bishop 0-0: Called Strike
0-1: Ball
1-1: Ball
2-1: Ground out U3 (Groundball, 3L, EV 104.4 MPH)
Bottom of the 3rd over - 0 runs, 2 hits, 0 errors, 3 left on base; Indianapolis 0 - Norfolk 0
TOP OF THE 4TH
Indianapolis Indians batting - Pitching for Norfolk Tides : LHP Alex Early
Batting: RHB Gee Scott Jr. 0-0: Ball
1-0: Ball
2-0: Foul Ball, location: 9LMF
2-1: DOUBLE (Line Drive, 9LS, EV 101.3 MPH)
Batting: LHB David Moyne 0-0: Ball
1-0: Foul Ball, location: 7LSF
1-1: Foul Ball, location: 7LSF
1-2: Ball
2-2: Foul Ball, location: 2F
2-2: Ball
3-2: Strikes out looking
Batting: RHB Carter Kieboom 0-0: Called Strike
0-1: Fly out, F8 (Flyball, 8LXD, EV 103.1 MPH)
Runner from 2nd tags up, SAFE at 3rd, no throw by CF
Batting: RHB Jon Wassink 0-0: Ball
1-0: Ground out 4-3 (Groundball, 34, EV 101.9 MPH)
Top of the 4th over - 0 runs, 1 hit, 0 errors, 1 left on base; Indianapolis 0 - Norfolk 0
BOTTOM OF THE 4TH
Norfolk Tides batting - Pitching for Indianapolis Indians : RHP Casey Mize
Batting: RHB David Davies 0-0: Swinging Strike
0-1: Swinging Strike
0-2: Ball
1-2: Ball
2-2: Ground out 1-3 (Groundball, 15S, EV 70.0 MPH)
Batting: LHB Kameron Misner 0-0: Called Strike
0-1: Ball
1-1: Fly out, F5 (Popup, 5SF, EV 81.3 MPH)
Batting: SHB Zach Watson 0-0: Called Strike
0-1: Foul Ball, location: 2F
0-2: Ball
1-2: Foul Ball, location: 7LDF
1-2: SINGLE (Groundball, 6S, EV 70.6 MPH) (infield hit)
Batting: RHB Jeff Peterson 0-0: Ball
1-0: Called Strike
1-1: Ball
2-1: Ball
3-1: Swinging Strike
3-2: Strikes out swinging
Bottom of the 4th over - 0 runs, 1 hit, 0 errors, 1 left on base; Indianapolis 0 - Norfolk 0
TOP OF THE 5TH
Indianapolis Indians batting - Pitching for Norfolk Tides : LHP Alex Early
Batting: LHB Will Robertson 0-0: Called Strike
0-1: Ball
1-1: Swinging Strike
1-2: Ball
2-2: Ball
3-2: SINGLE (Line Drive, 7S, EV 109.4 MPH)
Batting: RHB Casey Martin 0-0: Ball
1-0: Bunted foul
1-1: Sac Bunt to 3S - play at first, batter OUT! 3-4
Will Robertson to second
Batting: RHB Juan Aparicio 0-0: Called Strike
0-1: Ball
1-1: DOUBLE (Line Drive, 7LS, EV 86.9 MPH)
Will Robertson scores
Batting: LHB Rodrigo Abril 0-0: Ball
1-0: Ball
2-0: Foul Ball, location: 2F
2-1: SINGLE (Line Drive, 6MD, EV 103.8 MPH)
Juan Aparicio to third
Runner from 3rd tries for Home, SAFE, throw by CF to home
Batting: LHB Leith Wentzell 0-0: Fielders Choice at 2nd, 3-6 (Groundball, 3, EV 93.1 MPH)
Batting: RHB Gee Scott Jr. 0-0: Called Strike
0-1: Foul Ball, location: 9LDF
0-2: Ball
1-2: Fielders Choice at 2nd, 6-4 (Groundball, 6, EV 85.0 MPH)
Top of the 5th over - 2 runs, 3 hits, 0 errors, 1 left on base; Indianapolis 2 - Norfolk 0
BOTTOM OF THE 5TH
Norfolk Tides batting - Pitching for Indianapolis Indians : RHP Casey Mize
Batting: RHB Jaime Castillo 0-0: Called Strike
0-1: DOUBLE (Line Drive, 78D, EV 99.4 MPH)
Batting: RHB Grant Gunnell 0-0: Swinging Strike
0-1: Ball
1-1: SINGLE (Groundball, 56, EV 101.9 MPH)
Jaime Castillo to third
Batting: SHB Bryan Leach 0-0: Ball
1-0: Ball
2-0: Called Strike
2-1: Called Strike
2-2: Strikes out swinging
Batting: RHB Marco Luciano 0-0: Ball
1-0: Ball
2-0: Ball
3-0: Base on Balls
Grant Gunnell to second
Pitching: RHP Ben Richardson
Batting: LHB Hunter Bishop 0-0: Fly out, F6 (Popup, 6MD, EV 68.8 MPH)
Batting: RHB David Davies 0-0: Ball
1-0: Fly out, F9 (Line Drive, 89M, EV 88.1 MPH)
Bottom of the 5th over - 0 runs, 2 hits, 0 errors, 3 left on base; Indianapolis 2 - Norfolk 0
TOP OF THE 6TH
Indianapolis Indians batting - Pitching for Norfolk Tides : LHP Alex Early
Batting: LHB David Moyne 0-0: Called Strike
0-1: Swinging Strike
0-2: Foul Ball, location: 25FF
0-2: Strikes out looking
Batting: RHB Carter Kieboom 0-0: Ball
1-0: Ball
2-0: Foul Ball, location: 2F
2-1: Ball
3-1: Called Strike
3-2: Foul Ball, location: 2F
3-2: SINGLE (Flyball, 3D, EV 88.8 MPH)
Batting: RHB Jon Wassink 0-0: Hit by Pitch
Carter Kieboom to second
Batting: LHB Will Robertson 0-0: Fly out, F3 (Line Drive, 3L, EV 68.8 MPH)
Lined into DP, U3 (Line Drive, 3L, EV 68.8 MPH)
Top of the 6th over - 0 runs, 1 hit, 0 errors, 1 left on base; Indianapolis 2 - Norfolk 0
BOTTOM OF THE 6TH
Norfolk Tides batting - Pitching for Indianapolis Indians : RHP Ben Richardson
Batting: LHB Kameron Misner 0-0: Called Strike
0-1: Ball
1-1: Foul Ball, location: 2F
1-2: Ball
2-2: Strikes out swinging, 2-3 out at first.
Batting: SHB Zach Watson 0-0: Foul Ball, location: 5FF
0-1: Called Strike
0-2: Ball
1-2: Fly out, F8 (Flyball, 89XD, EV 98.8 MPH)
Batting: RHB Jeff Peterson 0-0: Swinging Strike
0-1: SINGLE (Groundball, 4MD, EV 100.6 MPH)
Batting: RHB Jaime Castillo 0-0: Swinging Strike
0-1: Ball
1-1: Foul Ball, location: 2LF
1-2: Strikes out swinging
Bottom of the 6th over - 0 runs, 1 hit, 0 errors, 1 left on base; Indianapolis 2 - Norfolk 0
TOP OF THE 7TH
Indianapolis Indians batting - Pitching for Norfolk Tides : LHP Alex Early
Batting: RHB Casey Martin 0-0: Ball
1-0: Ball
2-0: Called Strike
2-1: SINGLE (Groundball, 15S, EV 66.3 MPH) (infield hit)
Batting: RHB Juan Aparicio 0-0: Sac Bunt to 3S - play at first, batter OUT! 3-4
Casey Martin to second
Batting: LHB Rodrigo Abril 0-0: Ball
1-0: Ground out 6-3 (Groundball, 6S, EV 94.4 MPH)
Casey Martin to third
Pitching: LHP Kyle Rogers
Batting: LHB Leith Wentzell 0-0: Fly out, F8 (Flyball, 8RD, EV 95.0 MPH)
Top of the 7th over - 0 runs, 1 hit, 0 errors, 1 left on base; Indianapolis 2 - Norfolk 0
BOTTOM OF THE 7TH
Norfolk Tides batting - Pitching for Indianapolis Indians : RHP Ben Richardson
Batting: RHB Grant Gunnell 0-0: Called Strike
0-1: Called Strike
0-2: Ball
1-2: Foul Ball, location: 7LSF
1-2: SOLO HOME RUN (Flyball, 7LD, EV 96.3 MPH), Distance : 351 ft
Batting: SHB Bryan Leach 0-0: Called Strike
0-1: Ground out 4-3 (Groundball, 4, EV 102.5 MPH)
Batting: RHB Marco Luciano 0-0: Swinging Strike
0-1: Ball
1-1: Ball
2-1: Swinging Strike
2-2: Ball
3-2: Strikes out swinging
Batting: LHB Hunter Bishop 0-0: Foul Ball, location: 3F
0-1: Fly out, F9 (Flyball, 89M, EV 83.1 MPH)
Bottom of the 7th over - 1 run, 1 hit, 0 errors, 0 left on base; Indianapolis 2 - Norfolk 1
TOP OF THE 8TH
Indianapolis Indians batting - Pitching for Norfolk Tides : LHP Kyle Rogers
Batting: RHB Gee Scott Jr. 0-0: Foul Ball, location: 2F
0-1: Ball
1-1: Foul Ball, location: 25F
1-2: DOUBLE (Line Drive, 9LS, EV 100.0 MPH)
Batting: LHB David Moyne 0-0: Called Strike
0-1: Foul Ball, location: 23FF
0-2: Ground out 1-3 (Groundball, 13S, EV 76.3 MPH)
Gee Scott Jr. to third
Batting: RHB Carter Kieboom 0-0: Fly out, F8 (Flyball, 8RM, EV 96.9 MPH)
Runner from 3rd tags up, SCORES, throw by CF
Now in CF: Jonathan Krause
Batting: RHB Jon Wassink 0-0: Ground out 5-3 (Groundball, 56, EV 100.6 MPH)
Top of the 8th over - 1 run, 1 hit, 0 errors, 0 left on base; Indianapolis 3 - Norfolk 1
BOTTOM OF THE 8TH
Norfolk Tides batting - Pitching for Indianapolis Indians : RHP Ben Richardson
Pitching: RHP Jason Bilous
Now in LF: Charlie Brewer
Batting: RHB David Davies 0-0: Called Strike
0-1: Called Strike
0-2: Foul Ball, location: 2F
0-2: Fly out, F8 (Flyball, 8RXD, EV 97.5 MPH)
Batting: LHB Kameron Misner 0-0: Called Strike
0-1: Foul Ball, location: 2F
0-2: Strikes out swinging
Batting: SHB Zach Watson 0-0: Ground out 6-3 (Groundball, 6, EV 84.4 MPH)
Bottom of the 8th over - 0 runs, 0 hits, 0 errors, 0 left on base; Indianapolis 3 - Norfolk 1
TOP OF THE 9TH
Indianapolis Indians batting - Pitching for Norfolk Tides : LHP Kyle Rogers
Pitching: RHP Henry Snyder
Batting: LHB Will Robertson 0-0: Ball
1-0: Fly out, F6 (Popup, P, EV 76.3 MPH)
Batting: RHB Casey Martin 0-0: Called Strike
0-1: Swinging Strike
0-2: Ball
1-2: Strikes out looking
Batting: RHB Juan Aparicio 0-0: Ball
1-0: Ball
2-0: Ground out U3 (Groundball, 3, EV 105.0 MPH)
Top of the 9th over - 0 runs, 0 hits, 0 errors, 0 left on base; Indianapolis 3 - Norfolk 1
BOTTOM OF THE 9TH
Norfolk Tides batting - Pitching for Indianapolis Indians : RHP Jason Bilous
Pitching: RHP Bill Brown
Batting: RHB Jeff Peterson 0-0: Called Strike
0-1: DOUBLE (Flyball, 89D, EV 106.9 MPH)
Batting: RHB Jaime Castillo 0-0: Ball
1-0: Ball
2-0: Ball
3-0: Called Strike
3-1: Ground out 5-3 (Groundball, 56S, EV 71.3 MPH)
Jeff Peterson to third
Batting: LHB Jonathan Krause 0-0: Ball
1-0: Ball
2-0: Ground out 4-3 (Groundball, 4S, EV 86.9 MPH)
Jeff Peterson scores
Batting: SHB Bryan Leach 0-0: Ground out 6-3 (Groundball, 4M, EV 100.6 MPH)
Bottom of the 9th over - 1 run, 1 hit, 0 errors, 0 left on base; Indianapolis 3 - Norfolk 2
Sunday, September 29th , 2024 - OOTP Baseball 24.11 Build 85